 Dungeon Crawl Stone Soup version 0.29-a0-207-gf982a884d8 (webtiles) character file.

Game seed: 7196704281192350067

476 tatocazan the Skirmisher (level 6, 0/49 HPs)
             Began as a Demonspawn Fighter on Feb 23, 2022.
             Killed by divine providence
             ... invoked by an orc priest
              (12 damage)
             ... on level 4 of the Dungeon.
             The game lasted 00:05:17 (4072 turns).

tatocazan the Skirmisher (Demonspawn Fighter)       Turns: 4072, Time: 00:05:18

Health: 0/49       AC: 14    Str: 18    XL:     6   Next: 85%
Magic:  6/6        EV:  8    Int: 10    God:
Gold:   158        SH:  9    Dex: 12    Spells: 5/5 levels left

rFire   . . .      SeeInvis .   o - +0 hand axe (vorpal)
rCold   . . .      Faith    .   c - +0 buckler
rNeg    . . .      Spirit   .   r - +2 chain mail {rPois}
rPois   +          Reflect  .   (helmet restricted)
rElec   .          Harm     .   t - scarf {repulsion}
rCorr   .          Rampage  .   f - +1 pair of gloves
Will    .....                   d - +0 pair of boots
Stlth   ..........              p - amulet of regeneration
HPRegen 0.96/turn               (no ring)
MPRegen 0.10/turn               (no ring)

@: repel missiles
A: horns 1, repulsion field 1, condensation shield
a: no special abilities


You were on level 4 of the Dungeon.
You visited 1 branch of the dungeon, and saw 4 of its levels.

You collected 158 gold pieces.

Inventory:

Hand Weapons
 a - a +0 war axe
 o - a +0 vorpal hand axe (weapon)
Missiles
 b - 6 curare-tipped darts (quivered)
Armour
 c - a +0 buckler (worn)
 d - a +0 pair of boots (worn)
 f - a +1 pair of gloves (worn)
 m - a +0 plate armour
 r - a +2 chain mail of poison resistance (worn)
 t - a scarf of repulsion (worn)
Jewellery
 p - an amulet of regeneration (around neck)
Wands
 l - a wand of flame (1)
Scrolls
 g - a scroll of identify
Potions
 e - a potion of flight {unknown}
 h - a potion of heal wounds
 i - a potion of attraction
 k - a potion of brilliance
 n - a potion of lignification
 s - a potion of curing


   Skills:
 + Level 4.4 Fighting
 * Level 4.2 Axes
 + Level 4.0 Armour
 - Level 4.0 Shields


You had 5 spell levels left.
You didn't know any spells.
Your spell library contained the following spells:

 Spells                   Type           Power      Damage    Failure   Level
 Foxfire                  Conj/Fire      0%         2x1d4     99%         1
 Summon Small Mammal      Summ           0%         N/A       99%         1
 Blink                    Tloc           0%         N/A       100%        2
 Call Canine Familiar     Summ           0%         N/A       100%        3
 Conjure Flame            Conj/Fire      0%         6-21      100%        3
 Ignite Poison            Fire/Tmut/Pois 0%         N/A       100%        3
 Inner Flame              Hex/Fire       0%         N/A       100%        3
 Lesser Beckoning         Tloc           0%         N/A       100%        3
 Ozocubu's Armour         Ice            0%         N/A       100%        3
 Summon Guardian Golem    Hex/Summ       0%         N/A       100%        3
 Flame Wave               Conj/Fire      0%         2d4       100%        4
 Hailstorm                Conj/Ice       0%         3d3       100%        4
 Ice Form                 Ice/Tmut       0%         N/A       100%        4
 Sticky Flame             Conj/Fire      0%         2d3       100%        4
 Manifold Assault         Tloc           0%         N/A       100%        5
 Simulacrum               Ice/Necr       0%         N/A       100%        6
 Ozocubu's Refrigeration  Ice            0%         4d5       100%        7


Dungeon Overview and Level Annotations

Branches:
Dungeon (4/15)
 Temple: D:4-7

Altars:

Shops:
D:3 !


Innate Abilities, Weirdness & Mutations

You have a pair of small horns on your head.
You are surrounded by a mild repulsion field. (EV +2)
A meltable shield of frost defends you. (SH +4)


Message History

You are too injured to fight recklessly!
You are too injured to fight recklessly!
You are too injured to fight recklessly!
You are too injured to fight recklessly!
You are too injured to fight recklessly!
The orc priest barely misses you.
You hear some strange, mumbled words.
Something tries to affect you, but you resist.
The orc priest mumbles some strange prayers to Beogh against you.
Pain shoots through your body!
You take 9 damage, and have 24/49 hp.
The orc priest calls down the wrath of Beogh upon you.
You barely resist.
The orc priest calls down the wrath of Beogh upon you.
You barely resist.
The orc priest casts a cantrip, but nothing happens.
The orc priest looks braver for a moment.
Health restored: 49
There is a stone staircase leading up here.
You climb upwards.
Reactivating autopickup.
There is a stone staircase leading down here.
You climb downwards.
There is a stone staircase leading up here.
The orc priest mumbles some strange prayers to Beogh against you.
Beogh smites you!
You take 12 damage, and have 37/49 hp.
MASSIVE DAMAGE!!
You closely miss the orc priest. Your headbutt misses the orc priest.
The orc priest invokes the aid of Beogh against you.
Beogh smites you!
The orc priest hits you but does no damage.
You take 11 damage, and have 26/49 hp.
MASSIVE DAMAGE!!
You are too injured to fight recklessly!
You are too injured to fight recklessly!
The orc priest calls down the wrath of Beogh upon you.
Beogh smites you!
* * * LOW HITPOINT WARNING * * *
The orc priest invokes the aid of Beogh against you.
Beogh smites you!
You die...

#.....######.#.#
#.....'....#o#.#
#.....####.#.#.#
#.....<).#.#.#.#
#.......)#.#o#.#
#.......[......#
####''####.#o###
#......##.#o########
#.⌠..⌠.##.#.@.......
#..≈≈..##.#.########
#..≈≈..##.#.#
#.⌠§§§.#..#.#
#...†..#..#.#
###''###....#
#.......###
#######.# #.#


You could see 2 orc priests, an orc wizard and an orc.

Vanquished Creatures
  Grinder (D:3)
  2 hounds
  2 orc priests (D:4)
  An iguana (D:4)
  3 adders
  An ufetubus (D:3)
  A worm (D:3)
  A dart slug (D:1)
  14 orcs
  11 endoplasms
  5 giant cockroaches
  8 goblins
  4 hobgoblins
  2 jackals (D:2)
  4 quokkas
  4 ball pythons
  7 bats
  4 frilled lizards
  3 kobolds
  5 rats
83 creatures vanquished.

Notes
Turn   | Place    | Note
-------+----------+-------------------------------------------
     0 | D:1      | tatocazan the Demonspawn Fighter began the quest for the
                  | Orb.
     0 | D:1      | Reached XP level 1. HP: 18/18 MP: 1/1
   161 | D:1      | Gained mutation: You are surrounded by a mild repulsion
                  | field. (EV +2) [demonic ancestry]
   161 | D:1      | Reached XP level 2. HP: 5/24 MP: 2/2
  1108 | D:1      | Reached XP level 3. HP: 29/29 MP: 3/3
  1258 | D:1      | Found a faded altar of an unknown god.
  1558 | D:2      | Gained mutation: You have a pair of small horns on your
                  | head. [demonic ancestry]
  1558 | D:2      | Reached XP level 4. HP: 21/35 MP: 4/4
  2435 | D:3      | Gained mutation: A meltable shield of frost defends you.
                  | (SH +4) [demonic ancestry]
  2435 | D:3      | Reached XP level 5. HP: 42/42 MP: 5/5
  2951 | D:3      | Noticed Grinder
  2964 | D:3      | Killed Grinder
  2965 | D:3      | Reached XP level 6. HP: 16/48 MP: 6/6
  3563 | D:3      | Found Jaelyedo's Distillery.
  4072 | D:4      | Killed from afar by an orc priest

Illustrated notes

Levels and vault maps discovered:
D:1:      dpeg_arrival_prison, layout_loops_ring,
          dreamdust_ecumenical_altar_sealed_demon, serial_rivers,
          chequers_serial_rivers_micro_c, chequers_serial_rivers_large_a,
          chequers_serial_rivers_small_a, chequers_serial_rivers_marsh,
          chequers_serial_rivers_micro_b
D:2:      layout_loops_ring
D:3:      layout_loops_corners, serial_aquarium, aquarium_bridge_square
          [aquarium_subvault_bridge, aquarium_subvault_bridge,
          aquarium_subvault_wall, aquarium_subvault_balcony],
          aquarium_bridge_square [aquarium_subvault_bridge,
          aquarium_subvault_window, aquarium_subvault_window,
          aquarium_subvault_bridge], aquarium_window_fake, aquarium_window_2,
          aquarium_window_fake, aquarium_window_fake, aquarium_view_2b,
          serial_shops, shop, uniq_grinder
D:4:      layout_basic, minmay_temple_entry_junction, kennysheep_generic_room_15

Skill      XL: |  1  2  3  4  5  6 |
---------------+-------------------+-----
Axes           | 2 3 4 |  4.2
Armour         | 3 4 |  4.0
Shields        | 3 4 |  4.0
Fighting       | 4 |  4.4

Action                   |  1- 3 |  4- 6 || total
-------------------------+-------+-------++-------
Melee: War axe           |    82 |       ||    82
       Hand axe          |       |   140 ||   140
       Headbutt          |       |    23 ||    23
  Use: Potion            |       |     1 ||     1
       Scroll            |       |     8 ||     8
Armor: Scale mail        |    47 |       ||    47
       Plate armour      |    10 |    16 ||    26
       Chain mail        |       |    56 ||    56
Dodge: Dodged            |    35 |    48 ||    83
Block: Buckler           |    28 |    51 ||    79

Table legend: (Time is in decaauts)
 A = Elapsed time spent in this place.
 B = Non-inter-level travel time spent in this place.
 C = Inter-level travel time spent in this place.
 D = Time resting spent in this place.
 E = Time spent auto-exploring this place.
 F = Levels seen in this place.
 G = Mean time per level.
                   A        B        C        D        E       F      G
               +--------+--------+--------+--------+--------+-----+--------+
         Total |   4148 |   3988 |    160 |    815 |   2500 |   4 | 1037.0 |
       Dungeon |   4148 |   3988 |    160 |    815 |   2500 |   4 | 1037.0 |
               +--------+--------+--------+--------+--------+-----+--------+

Top non-repeatable levels by time:
     D:3: 1617 daAuts
     D:1: 1452 daAuts
     D:2: 915 daAuts
     D:4: 163 daAuts
